[Event "ETCC Open 2023"]
[Site "Budva"]
[Date "2023.11.13"]
[Round "3.44"]
[White "Kacharava, Nikolozi"]
[Black "Kozak, Adam"]
[Result "1/2-1/2"]
[ECO "C65"]
[WhiteElo "2519"]
[BlackElo "2578"]
[Annotator "TA"]
[PlyCount "106"]
[EventDate "2023.11.10"]
[EventType "team-tourn"]
[EventCountry "MNE"]
[SourceTitle "playchess.com"]
[Source "ChessBase"]
[SourceQuality "1"]
[WhiteTeam "Georgia"]
[BlackTeam "Hungary"]
[WhiteTeamCountry "GEO"]
[BlackTeamCountry "HUN"]
[TimeControl "40/5400+30:1800+30"]

1. e4 e5 2. Nf3 Nc6 3. Bb5 Nf6 4. d3 Bc5 5. Bxc6 dxc6 6. O-O {[%emt 0:00:39] C65: Ruy Lopez: Berlin Defence (3...Nf6), unusual lines and 4 0-0 Bc5.} Nd7 7. c3 $1 {[%emt 0:01:28][%mdl 4] is currently scoring better than 7.Nbd2.} O-O 8. d4 Bd6 9. Bg5 f6 10. Bh4 Qe8 11. Nbd2 Qf7 12. Bg3 Re8 13. Re1 a5 14. Qc2 a4 15. Nf1 {[%emt 0:01:16] [#]} exd4 $146 ({Predecessor:} 15... Nb6 16. Ne3 Nc4 17. Nxc4 Qxc4 18. b3 Qa6 19. Rab1 c5 20. dxe5 fxe5 21. c4 Bg4 {0-1 Gunina,V (2437)-Pechac,J (2523) Skalica op 2021 (4)}) 16. Nxd4 Ne5 17. Ne3 Bf8 18. c4 Bc5 19. Qc3 Qf8 20. Nec2 {[%emt 0:01:49] Prevents Bb4.} (20. Red1 $11) 20... Qf7 (20... Bb6 $1 $17 {[%cal Rb6a5] And now ...Ba5 would win.} 21. Red1 c5) 21. b3 $11 Bf8 22. f3 Bd7 23. Ne3 b6 24. Red1 Rad8 25. Rd2 axb3 26. axb3 Ra8 (26... Bd6 $11) 27. Rad1 (27. Rxa8 $14 Rxa8 28. f4) 27... g6 (27... Bd6 $11 {should be considered.}) 28. h3 $14 {[%emt 0:00:00] Strongly threatening f4.} c5 (28... Qe7 $14) 29. Ne2 (29. Nb5 $1 $18 Bxb5 30. cxb5) 29... Be6 {[%emt 0:00:31] [#]} (29... Bc6 $14) 30. f4 $1 $16 ({Of course not} 30. Bxe5 $6 fxe5 31. Ng4 (31. Qxe5 Bxc4 32. Qb2 Bg7 $17) 31... Bxg4 32. fxg4 Qe6 $11) 30... Nc6 31. f5 $36 {[%emt 0:00:00][%mdl 2048] White is really pushing.} gxf5 (31... Bc8 $16) 32. exf5 $18 Bc8 33. Nd5 Ne5 34. Nef4 ({Stronger than} 34. Bxe5 Rxe5 35. Qf3 Bb7 $14) ({White should play} 34. Bh4 $18 Bg7 35. Ng3 (35. Qg3 Kh8 $16)) 34... Bg7 $16 (34... Bxf5 $2 35. Nh5 Bg7 36. Nxg7 Qxg7 37. Bh4 $18) 35. Rf1 (35. Qc2 $16) 35... Rb8 $2 {[%emt 0:01:00][%mdl 8192] [#]} ({Better is} 35... Bxf5 $14 36. Ne2 Bg6) 36. Nd3 $1 $18 {[%emt 0:01:01] Bxe5 is the strong threat. Excellent horsemanship.} c6 37. Nxe5 fxe5 38. f6 $2 (38. Nc7 $18 {is more deadly.} Qxc7 39. f6) 38... cxd5 $16 39. fxg7 {[%emt 0:00:05] White has more active pieces. The black rooks are badly placed.} d4 40. Rxf7 {[%emt 0:00:40] White wants to mate with Qf3.} dxc3 {[%emt 0:00:04] [#]} 41. Rf8+ $1 {[%emt 0:05:00][%mdl 64] Decoy} Rxf8 42. gxf8=Q+ Kxf8 $11 {[%emt 0:00:03][%mdl 4096] Endgame KRB-KRB} 43. Rf2+ Ke8 44. Bxe5 Ra8 45. Rc2 Ra1+ 46. Kf2 Bf5 47. Rxc3 Ra2+ 48. Kf3 Kd7 49. Bf4 (49. g4 $5 Bb1 50. h4 $14) 49... Rb2 {[%emt 0:02:37] The position is equal.} 50. Bc1 Rc2 51. Rxc2 Bxc2 52. b4 Bd3 53. bxc5 bxc5 {[%emt 0:00:05] Blacks defense is rewarded with a draw.   Weighted Error Value: White=0.26 (precise) /Black=0.29 (precise)} 1/2-1/2

[Event "ETCC Open 2023"]
[Site "Budva"]
[Date "2023.11.13"]
[Round "3.45"]
[White "Theodorou, Nikolas"]
[Black "Laurusas, Tomas"]
[Result "1/2-1/2"]
[ECO "C43"]
[WhiteElo "2619"]
[BlackElo "2566"]
[Annotator "TA"]
[PlyCount "87"]
[EventDate "2023.11.10"]
[EventType "team-tourn"]
[EventCountry "MNE"]
[SourceTitle "playchess.com"]
[Source "ChessBase"]
[SourceQuality "1"]
[WhiteTeam "Greece"]
[BlackTeam "Lithuania"]
[WhiteTeamCountry "GRE"]
[BlackTeamCountry "LTU"]
[TimeControl "40/5400+30:1800+30"]

1. e4 e5 2. Nf3 Nf6 3. d4 Nxe4 4. Bd3 d5 5. Nxe5 Nd7 6. O-O Nxe5 7. dxe5 Nc5 {[%emt 0:01:02] C43: Petroff Defence: 3 d4.} 8. Be3 Be7 9. f4 Nxd3 {[%emt 0:01:17] The position is equal.} 10. Qxd3 g6 (10... O-O {is interesting.} 11. f5 Re8 12. f6 gxf6 13. Nc3 fxe5 14. Nxd5 Be6) 11. Nc3 c6 12. Ne2 Bf5 {[%emt 0:01:07] Black is weak on the dark squares} 13. Qd2 Qd7 14. Ng3 {[%emt 0:01:46] [#]} h5 $146 ({Predecessor:} 14... O-O 15. Nxf5 Qxf5 16. Rae1 f6 17. Bd4 fxe5 18. Rxe5 Qd7 19. Re2 b6 20. g3 Rae8 21. Rfe1 c5 {½-½ Sidenko,A (2310)-Haeusler,W (2411) ST-2012-0-00104}) 15. Qc3 Rg8 16. Bc5 (16. Nxf5 $14 Qxf5 17. Rad1) 16... Bxc5+ $11 17. Qxc5 b6 (17... Bg4 $11) 18. Qf2 $14 O-O-O 19. a4 Kb7 20. a5 c5 21. Ra3 d4 22. axb6 (22. Nxf5 {simplifies} gxf5 23. axb6 axb6 24. Rh3) 22... axb6 23. Rfa1 Qd5 $1 24. Ra7+ Kc6 25. h4 Rd7 (25... d3 $1 $14 26. cxd3 (26. Nxf5 gxf5 27. cxd3 Qxd3 $11) 26... Bxd3) 26. Kh2 ({Better is} 26. R7a3 $1 $16) 26... Rgd8 (26... Rxa7 $11 27. Rxa7 Rc8) 27. R7a4 Bg4 {[%emt 0:05:28] [#]} (27... Be6 $16) 28. Qe1 $2 ({White has to play} 28. b4 $1 $18 ) 28... Bf5 ({Black should play} 28... d3 $14 29. cxd3 Qxd3) 29. Qf2 (29. Nxf5 $16 gxf5 30. Qg3) 29... Bg4 $18 {[%emt 0:00:05] [#]} 30. Qe1 (30. b4 $1 $18 ) 30... Bf5 $1 $16 31. Qd1 Be6 32. b3 (32. b4 $16) 32... Rb7 ({Black should try} 32... g5 $11 33. hxg5 (33. fxg5 Qxe5 34. Qf3+ Bd5 $11) 33... h4) 33. Ra8 (33. b4 $14) 33... Kc7 34. Qe1 Rxa8 35. Rxa8 Rb8 {[%emt 0:01:19] Inhibits Ne4.} 36. Ra7+ Rb7 37. Ra1 Bd7 38. Qf2 Bc6 39. Re1 Ra7 40. f5 $1 Ra8 41. Re2 {[%emt 0:05:10] fxg6 would be deadly.} Re8 (41... Bb5 $5 42. Re1 Bc6 $14) 42. Qf4 {[%emt 0:01:22] Threatens to win with e6+. White is slightly better.} Kb7 43. Ne4 Qxe5 44. Qxe5 {[%emt 0:00:38][%mdl 64] Remove Defender.   Weighted Error Value: White=0.31/Black=0.20 (precise)} 1/2-1/2

[Event "ETCC Open 2023"]
[Site "Budva"]
[Date "2023.11.13"]
[Round "3.46"]
[White "Kazakouski, Valery"]
[Black "Mastrovasilis, Dimitrios"]
[Result "1/2-1/2"]
[ECO "C24"]
[WhiteElo "2577"]
[BlackElo "2573"]
[Annotator "TA"]
[PlyCount "152"]
[EventDate "2023.11.10"]
[EventType "team-tourn"]
[EventCountry "MNE"]
[SourceTitle "playchess.com"]
[Source "ChessBase"]
[SourceQuality "1"]
[WhiteTeam "Lithuania"]
[BlackTeam "Greece"]
[WhiteTeamCountry "LTU"]
[BlackTeamCountry "GRE"]
[TimeControl "40/5400+30:1800+30"]

1. e4 e5 2. Nf3 Nc6 3. Bc4 Nf6 4. d3 d5 5. exd5 Nxd5 6. O-O Nb6 7. Bb3 {[%emt 0:08:33] Strongly threatening Ng5. C24: Bishop's Opening: 2...Nf6.} (7. Bb5 $5 ) 7... Bg4 8. h3 Bh5 9. Re1 {[%emt 0:04:41][%cal Of3e5] White is slightly better.} Qe7 10. a4 a5 $1 11. Be3 O-O-O {[%emt 0:20:49] [#]} 12. Bxb6 $146 ({Predecessor:} 12. Nc3 Kb8 13. Qe2 f6 14. Rad1 g5 15. Bxb6 cxb6 16. Nb5 Qg7 17. g4 Bg6 18. d4 {1-0 Ceres,D (2409)-Delgerdalai,B (2189) Lienz op 21st 2023 (4)}) 12... cxb6 13. Nbd2 Qc7 14. Bc4 f6 15. c3 Kb8 16. Qb3 (16. Ne4 $11) 16... Bc5 $15 17. Rac1 Rhe8 18. Bb5 Bf7 19. Qc2 Bf8 {[%emt 0:03:44] [#]} 20. d4 Bg6 21. Bd3 Bxd3 22. Qxd3 exd4 23. Rxe8 Rxe8 24. cxd4 {[%emt 0:00:25] [#]} Ne5 $1 {[%emt 0:01:45][%mdl 64] Discovered Attack} 25. Qf1 (25. dxe5 $2 Qxc1+ 26. Nf1 fxe5 $19) (25. Qb1 Nxf3+) 25... Nxf3+ 26. Nxf3 Qd7 27. b3 Qd5 28. Qd3 g6 29. Kf1 Bb4 30. Qc4 Qf5 31. Qf7 {[%emt 0:03:16] Some like it hot} Re7 32. Qg8+ Ka7 33. Qc4 $1 Bd6 {[%emt 0:02:08] Hoping for ...Rc7.} 34. Qb5 Qf4 (34... Qxb5+ {simplifies} 35. axb5 Ba3 36. Rd1 Rd7) 35. Rc2 Qe4 36. Qe2 (36. Rc1 $1 $11) 36... Qf5 37. Qd1 Qd5 38. Qd3 g5 39. Re2 Rc7 40. Rc2 Re7 (40... Rxc2 {simplifies} 41. Qxc2 b5 42. axb5 Qxb5+ 43. Kg1 h5) 41. Ng1 Bb4 ({Much weaker is} 41... Qe6 42. Re2 Qg8 43. Rxe7 Bxe7 44. Ne2 $14) 42. Ne2 h5 43. Rc1 Rd7 44. Qc4 h4 45. Kg1 Rd6 (45... b5 {simplifies} 46. Qxd5 Rxd5 47. axb5 Rxb5 48. g3 hxg3 49. fxg3 Bd2) 46. Rd1 Kb8 47. f3 Rd8 48. Kf2 (48. Qxd5 $11 {keeps the balance.} Rxd5 49. Kf2) 48... Qd6 $17 49. Rc1 Qe7 {[%emt 0:01:25] White is weak on the dark squares} 50. Qd3 Re8 51. Rc2 (51. f4 $17) 51... Qe6 $19 52. Kf1 ({Don't play} 52. Kg1 f5 53. Kf2 g4) 52... Qe3 {[%emt 0:01:11] Inhibits f4.} 53. Qxe3 Rxe3 {[%emt 0:00:03][%mdl 4096] Endgame KRB-KRN} 54. Nc1 Ba3 (54... f5 $19 {aiming for ...Ka7.} 55. Kf2 f4) 55. Na2 Bb4 {[%emt 0:02:59] Inhibits Rc3.} (55... Rxb3 $17 56. Nc3 Bd6) 56. Nc1 $1 Ba3 (56... f5 $19 57. Kf2 f4) 57. Na2 $1 $17 Bb4 (57... Rxb3 $17 {Threatens to win with ...Bb2.} 58. Nc3 Bb4) 58. Rb2 $2 (58. Nc1 $1 $11 {and White has nothing to worry.}) 58... Bd6 $19 59. Kf2 Rd3 60. Ke2 Rxd4 61. Rd2 Rxd2+ 62. Kxd2 $17 {[%emt 0:00:01] KB-KN} Kc7 63. Kd3 Kc6 (63... Bf4 $142 64. Nc3 Kd6) 64. Kc4 Be5 65. Nc1 Kd6 66. Nd3 Bh2 67. Nf2 Bg1 68. Ne4+ (68. Nd3 $17 {was the only chance.}) 68... Ke5 $19 69. Kd3 Bc5 ({Black should play} 69... Bd4 $19 70. Kc4 (70. Nxf6 Kxf6 71. Kxd4 Kf5 $11) 70... Bb2) 70. Nd2 (70. Nc3 $17 {was the only defense.}) 70... Kf4 71. Ke2 $2 (71. Nf1) 71... Ke5 72. Kd3 Kd5 73. Nc4 {[%emt 0:00:30] [#]} Bg1 (73... Kc6 $1 $19 {...b5 would be deadly.} 74. Nd2 b5) 74. Na3 $17 Bc5 (74... Ke5 $17 75. Nc2 Bc5) 75. Nc4 $19 {[%emt 0:00:16] [#]} Bg1 (75... Kc6 $1 $19 {...b5 is the strong threat.} 76. Nd2 b5) 76. Na3 $1 $17 Bc5 {[%emt 0:00:33] Weighted Error Value: White=0.19 (very precise) /Black=0.18 (very precise)} ({Better is} 76... Ke5 $17 77. Nb5 Kd5) 1/2-1/2

[Event "ETCC Open 2023"]
[Site "Budva"]
[Date "2023.11.13"]
[Round "3.47"]
[White "Papaioannou, Ioannis"]
[Black "Pultinevicius, Paulius"]
[Result "1-0"]
[ECO "B13"]
[WhiteElo "2623"]
[BlackElo "2589"]
[Annotator "TA"]
[PlyCount "89"]
[EventDate "2023.11.10"]
[EventType "team-tourn"]
[EventCountry "MNE"]
[SourceTitle "playchess.com"]
[Source "ChessBase"]
[SourceQuality "1"]
[WhiteTeam "Greece"]
[BlackTeam "Lithuania"]
[WhiteTeamCountry "GRE"]
[BlackTeamCountry "LTU"]
[TimeControl "40/5400+30:1800+30"]

1. e4 c6 2. d4 d5 3. exd5 cxd5 4. Bd3 Nc6 5. c3 Qc7 6. h3 g6 {[%emt 0:00:25] is the new trend.} 7. Ne2 {[%emt 0:01:00] B13: Caro-Kann: Exchange Variation and Panov-Botvinnik Attack.} Bf5 {[%emt 0:00:13] [#]} 8. Nf4 $146 ({Predecessor:} 8. Bxf5 gxf5 9. Bf4 Qb6 10. Qb3 e6 11. Nd2 Nge7 12. O-O Qxb3 13. axb3 a6 14. b4 Rc8 {1-0 Jumabayev,R (2658)-Socko,B (2646) Dubai bin Rashid Cup Rapid 2021 (7)}) 8... Nf6 9. O-O {[%emt 0:02:45] The position is equal.} Bxd3 10. Nxd3 Bg7 11. Bf4 Qc8 12. Nd2 O-O 13. Re1 Re8 14. Qf3 b6 15. Re2 Qa6 16. a3 Nh5 17. Be5 (17. Qxd5 $2 Qxd3 18. Re4 Nxf4 19. Rxf4 Qxd2 $19) (17. Rae1 $5) 17... Rad8 18. Rae1 Qb5 19. g4 Nf6 20. Bc7 Rc8 21. Bf4 h5 (21... e6 $11) 22. Re3 $16 Rcd8 23. Kg2 Qa4 (23... Bf8 $16) 24. Bg5 $1 $18 Qc2 25. R3e2 Nh7 26. Bh4 ({White should try} 26. Qe3 $18) 26... hxg4 $16 27. hxg4 g5 28. Bg3 {[%emt 0:00:38] Nc4 is the strong threat.} Qa4 {[%emt 0:00:51][%cal Og7d4] Dodges Nc4} 29. Rh1 ({White should play} 29. Be5 $16) 29... Nf8 $1 $14 30. Qe3 {[%emt 0:21:00] White is more active.} Qa6 (30... e5 $11 {keeps the balance.}) 31. Nf3 (31. Ree1 $16) 31... f6 $1 32. Ree1 e6 (32... Qc8 $11) 33. Nb4 Qb7 34. Nxc6 Qxc6 {[%emt 0:00:03] [#]} 35. Nxg5 fxg5 $11 36. Be5 {[%emt 0:00:13] Threatens to win with Bxg7.} Ng6 $2 (36... Qb7 $11 {and Black is okay.}) 37. Qxg5 $18 Nxe5 38. Rxe5 Rf8 {[%emt 0:01:46] [#]} 39. Rh6 $2 $40 {[%emt 0:02:35][%mdl 128] White is up to no good.} ({Not} 39. Qg6 Rf6 40. Qh5 Qe8 41. Qh7+ Kf8 $17) (39. Qh5 $1 $18 {Black must now prevent Rg5.} Rf7 40. Rg5 (40. Qg6 Rf6 $17)) 39... Rde8 $2 (39... Qd7 $11 40. Rg6 (40. Rhxe6 Qf7 $11) (40. Qg6 Rf6 $15) 40... Rf7) 40. Qg6 {[%emt 0:01:13] White threatens Reh5 and mate. White is clearly winning.} Rf6 41. Qh7+ Kf8 {[%emt 0:30:09] [#]} 42. Rg5 $1 Rf7 {[%emt 0:00:51] [#]} 43. Rxg7 $1 {[%emt 0:00:09][%mdl 576] Remove Defender, Deflection} Rxg7 44. Rf6+ {[%emt 0:00:05][%mdl 64] Deflection} Ke7 45. Qxg7+ {[%emt 0:00:04] An entertaining game by Papaioannou.   Weighted Error Value: White=0.31/Black=0.51} 1-0

[Event "ETCC Open 2023"]
[Site "Budva"]
[Date "2023.11.13"]
[Round "3.48"]
[White "Klabis, Rokas"]
[Black "Ioannidis, Evgenios"]
[Result "1/2-1/2"]
[ECO "C47"]
[WhiteElo "2412"]
[BlackElo "2502"]
[Annotator "RC"]
[PlyCount "87"]
[EventDate "2023.11.10"]
[EventType "team-tourn"]
[EventCountry "MNE"]
[SourceTitle "playchess.com"]
[Source "ChessBase"]
[SourceQuality "1"]
[WhiteTeam "Lithuania"]
[BlackTeam "Greece"]
[WhiteTeamCountry "LTU"]
[BlackTeamCountry "GRE"]
[TimeControl "40/5400+30:1800+30"]

1. e4 e5 2. Nf3 Nc6 3. Nc3 Nf6 4. d4 Bb4 5. Nxe5 Qe7 6. Nxc6 Qxe4+ 7. Qe2 dxc6 8. Bd2 Qxe2+ 9. Bxe2 Bf5 10. O-O-O O-O-O 11. a3 Ba5 12. b4 Bb6 13. Be3 Rhe8 14. h3 Nd5 15. Nxd5 cxd5 16. Rhe1 Be4 17. Bf1 Re6 18. c3 c6 19. Bf4 Rde8 20. f3 Bf5 21. Kd2 Bc7 22. Bxc7 Kxc7 23. Rxe6 Bxe6 24. Re1 g5 25. Bd3 h5 26. Bf5 Kd6 27. Bxe6 Rxe6 28. g4 hxg4 29. hxg4 Rh6 30. a4 Rh3 31. Re3 f6 32. a5 Rh2+ 33. Re2 Rxe2+ 34. Kxe2 Kc7 35. Kd3 b6 36. a6 b5 37. Kc2 Kb6 38. Kb2 Kxa6 39. Kc2 Kb6 40. Kb2 a5 41. Kc2 a4 42. Kb2 Kc7 43. Kc2 Kb6 44. Kb2 1/2-1/2

[Event "ETCC Open 2023"]
[Site "Budva"]
[Date "2023.11.13"]
[Round "3.49"]
[White "Schitco, Ivan"]
[Black "Vocaturo, Daniele"]
[Result "1/2-1/2"]
[ECO "A45"]
[WhiteElo "2503"]
[BlackElo "2632"]
[Annotator "TA"]
[PlyCount "57"]
[EventDate "2023.11.10"]
[EventType "team-tourn"]
[EventCountry "MNE"]
[SourceTitle "playchess.com"]
[Source "ChessBase"]
[SourceQuality "1"]
[WhiteTeam "Moldova"]
[BlackTeam "Italy"]
[WhiteTeamCountry "MDA"]
[BlackTeamCountry "ITA"]
[TimeControl "40/5400+30:1800+30"]

1. d4 Nf6 2. Nc3 e6 3. Bf4 Bb4 4. Qd3 b6 5. a3 {[%emt 0:06:53] [#]} Bxc3+ $146 {[%emt 0:05:45] The position is equal.} ({Predecessor:} 5... Ba6 6. Qf3 Bb7 7. Qxb7 Bxc3+ 8. bxc3 Nh5 9. Bxc7 Qf6 10. Qc8+ Ke7 11. Qxh8 Qh6 12. Qd8# {1-0 Saraci,N-Gbadamassi,N Olympiad Women-43 2018 (8.4)}) 6. Qxc3 {[%emt 0:01:09] A45: Trompowsky Attack.} Nd5 7. Qg3 Nxf4 8. Qxf4 Ba6 9. Nf3 d5 10. O-O-O Nc6 (10... Qd6 $5 11. Qh4 Qe7 $11) 11. h4 Qd6 12. Qg4 O-O 13. g3 Rae8 14. h5 h6 15. e3 Bxf1 16. Rhxf1 e5 17. dxe5 Nxe5 18. Qf4 Nxf3 19. Qxf3 Re5 20. Rd4 Qe6 21. Rfd1 c6 22. Rf4 b5 23. g4 Re8 24. Kb1 Re7 25. Qh1 Rg5 26. Rdd4 Re5 27. Rd1 Rg5 28. Rdd4 Re5 29. Rd1 {[%emt 0:00:00] A rather calm draw.   Weighted Error Value: White=0.05 (flawless) /Black=0.07 (flawless)} 1/2-1/2

[Event "ETCC Open 2023"]
[Site "Budva"]
[Date "2023.11.13"]
[Round "3.50"]
[White "Moroni, Luca Jr"]
[Black "Macovei, Andrei"]
[Result "1-0"]
[ECO "D41"]
[WhiteElo "2575"]
[BlackElo "2446"]
[Annotator "TA"]
[PlyCount "106"]
[EventDate "2023.11.10"]
[EventType "team-tourn"]
[EventCountry "MNE"]
[SourceTitle "playchess.com"]
[Source "ChessBase"]
[SourceQuality "1"]
[WhiteTeam "Italy"]
[BlackTeam "Moldova"]
[WhiteTeamCountry "ITA"]
[BlackTeamCountry "MDA"]
[TimeControl "40/5400+30:1800+30"]

1. c4 e6 2. Nc3 d5 3. d4 Nf6 4. cxd5 Nxd5 5. e4 Nxc3 6. bxc3 c5 7. Nf3 cxd4 8. cxd4 Bb4+ 9. Bd2 Bxd2+ 10. Qxd2 O-O 11. Rc1 b6 {[%emt 0:01:58] D41: Queen's Gambit Declined: Semi-Tarrasch with 5 cxd5.} 12. Bd3 Bb7 13. Qe3 Nd7 {[%emt 0:00:05] The position is equal.} 14. e5 Bxf3 15. Qxf3 b5 16. O-O (16. Bxb5 $2 Qa5+ 17. Qc3 Qxb5 $19) 16... b4 17. Rc6 Nb6 {[%emt 0:00:00] [#]} 18. Rd6 $146 ({Predecessor:} 18. Qe4 g6 19. Rd6 Qe7 20. Rc1 Nd5 21. Rcc6 Rac8 22. h4 Rxc6 23. Rxc6 Rd8 24. Bc4 {½-½ Moroni,L (2581)-Ganguly,S (2616) Sharjah Masters 5th 2022 (6)}) 18... Qe7 19. Rc1 Rac8 20. Rc5 $40 {[%emt 0:05:16][%mdl 128] White mounts an attack.} g6 21. g3 Rc7 22. h4 Rd7 23. Rcc6 Rfd8 24. Rxd7 ({Better is} 24. Qf4 $15) 24... Qxd7 (24... Rxd7 $17 25. Qf4 Qd8) 25. h5 $11 Nd5 26. Rc5 Qe7 27. h6 Qg5 (27... Qf8 $11) 28. Bc4 $1 $14 Ne7 ({Black should play} 28... Nb6) 29. Qf6 Qxf6 30. exf6 $16 {[%emt 0:00:02][%mdl 4096] Endgame KRB-KRN} Nf5 {[%emt 0:00:00] [#]} 31. g4 $1 Nxh6 32. f3 Kf8 {[%emt 0:00:00] [#]} (32... Kh8 $16 {was worth a try.}) 33. Rc7 ({White should try} 33. d5 $1 $18 ) 33... g5 $1 $14 34. d5 {[%emt 0:00:08] White is more active.} exd5 {[%emt 0:00:00] [#] This move loses the game for Black.} (34... Ng8 $16) 35. Bxd5 $1 $18 {[%emt 0:00:01][%cal Oc7a7][%mdl 576] Rxa7! is the strong threat. Back Rank} Ke8 $2 (35... a6 36. Ra7 Ng8) (35... a5 36. Bb3) 36. Re7+ Kf8 {[%emt 0:00:00] [#]} 37. Rxa7 $1 Ke8 38. Re7+ Kf8 {[%emt 0:00:00] [#]} 39. Rb7 $1 Ke8 (39... Rc8 40. Rxb4) 40. Bc6+ Kf8 41. Ba4 (41. Rxb4 Ng8 $16) 41... Ra8 {[%emt 0:40:45] [#]} 42. Kf2 $1 Ng8 (42... b3 43. Bxb3) 43. Bb3 (43. Rxb4 Nxf6 44. Bb3 Nd7 $16) 43... Nh6 44. Rxb4 Ke8 45. Rb6 {[%emt 0:00:00] Dodges Ra6} Kd7 46. Kg3 Ra5 47. f4 gxf4+ $2 (47... Rc5 48. fxg5 Rxg5) 48. Kxf4 {[%emt 0:00:00] White is clearly winning.} Kc7 {[%emt 0:00:00] Dodges Rb8} 49. Rb4 Ng8 50. g5 ({Weaker is} 50. Bxf7 Nxf6 51. Rc4+ Kb7 $16) 50... h6 51. g6 ({Inferior is} 51. Bxf7 hxg5+ 52. Kg3 Nxf6 $11) 51... Nxf6 52. gxf7 ({Less strong is} 52. Bxf7 Nh5+ 53. Kf3 Ng7 $18) 52... Ra8 53. Kf5 Nd7 {[%emt 0:00:00] Weighted Error Value: White=0.15 (very precise) /Black=0.32} 1-0

[Event "ETCC Open 2023"]
[Site "Budva"]
[Date "2023.11.13"]
[Round "3.51"]
[White "Bologan, Victor"]
[Black "Sonis, Francesco"]
[Result "1/2-1/2"]
[ECO "C50"]
[WhiteElo "2574"]
[BlackElo "2564"]
[Annotator "TA"]
[PlyCount "72"]
[EventDate "2023.11.10"]
[EventType "team-tourn"]
[EventCountry "MNE"]
[SourceTitle "playchess.com"]
[Source "ChessBase"]
[SourceQuality "1"]
[WhiteTeam "Moldova"]
[BlackTeam "Italy"]
[WhiteTeamCountry "MDA"]
[BlackTeamCountry "ITA"]
[TimeControl "40/5400+30:1800+30"]

1. e4 e5 2. Nf3 Nc6 3. Bc4 Bc5 4. d3 Nf6 5. Nc3 a6 6. a4 {[%emt 0:02:49] C50: Hungarian Defence and Giuoco Pianissimo.} d6 7. h3 Be6 8. Bxe6 fxe6 {[%emt 0:00:05] [#]} 9. Be3 $146 ({Predecessor:} 9. O-O O-O 10. Be3 Nd4 11. Ng5 Qe8 12. Ne2 h6 13. Bxd4 exd4 14. Nf3 e5 15. Ng3 {0-1 Kominek,M (1685)-Zadrapa,J (1914) Valasska Bystrice op 2023 (4)}) 9... Bxe3 10. fxe3 O-O 11. O-O d5 12. Qe1 Qd6 13. Qh4 h6 14. Rf2 Rf7 15. exd5 exd5 16. a5 Qc5 17. d4 Qb4 18. dxe5 (18. Raf1 $15) 18... Qxb2 $17 19. Rd1 {[%emt 0:01:37] [#] Strongly threatening Na4.} Qxc3 20. exf6 Qxf6 ({But not} 20... Qxe3 $6 21. fxg7 Kxg7 22. Rxd5 $11) (20... Rxf6 $17 21. Rxd5 Qxe3) 21. Qxf6 $15 Rxf6 22. Rxd5 Rd6 23. Rc5 Re8 24. Rf1 b6 25. axb6 cxb6 26. Rc3 Nb4 27. Rc4 a5 28. e4 Rc6 (28... Rde6 $5 29. e5 Rc6 30. Rxc6 Nxc6 $15) 29. Rxc6 Nxc6 $11 {[%emt 0:00:05][%mdl 4096] Endgame KRN-KRN} 30. Rb1 Rxe4 {[%emt 0:00:36] [#] ...Rb4 would be deadly.} 31. Rxb6 {[%emt 0:00:49] The position is equal.} Rc4 32. Ne1 Nb4 33. Rb8+ Kh7 (33... Kf7 $5 ) 34. Ra8 Nxc2 35. Nxc2 Rxc2 36. Rxa5 Rc1+ {[%emt 0:00:05] Weighted Error Value: White=0.11 (very precise) /Black=0.14 (very precise)} 1/2-1/2